Map: Deathaura LE

Players

JonSnow - Winner!

  • Race: Zerg Zerg
  • League: Grandmaster
  • Spawn Location: 5:00

Vindicta

  • Race: Terran Terran
  • League: Master
  • Spawn Location: 11:00

Event: DreamHack SC2 Masters 2020 Winter

VOD

Have the link to the VOD?

Description

Time

  • Played on: Oct. 27, 2020, 4:53 p.m.
  • Length: 23:12

All games in this series

Show
View Real Time Build Order
Export as new Build Order

JonSnow Zerg - Winner!

Build Orders: Hatch First, Muta Ling Bane 

Get SALT Encoding   

  12  0:01  Drone  
  13  0:12  Overlord  
  13  0:17  Drone  
  14  0:30  Drone x2  
  16  0:47  Hatchery  
  15  0:50  Drone  
  15  0:55  Drone  
  17  0:57  Drone  
  18  1:05  Extractor  
  17  1:13  Spawning Pool  
  17  1:17  Drone  
  17  1:22  Drone  
  18  1:29  Drone  
  19  1:38  Drone  
  20  1:49  Overlord  
  20  2:00  Zergling x4  
  20  2:01  Queen x2  
  26  2:11  Zergling x2  
  26  2:12  Metabolic Boost  
  26  2:13  Drone  
  28  2:21  Drone x2  
  30  2:41  Drone x2, Extractor  
  31  2:48  Hatchery  
  31  2:50  Queen  
  32  2:51  Drone  
  32  2:57  Overlord  
  33  3:01  Drone  
  34  3:12  Drone  
  35  3:15  Overlord, Queen  
  35  3:16  Drone x2  
  39  3:20  Drone  
  39  3:21  Drone  
  39  3:25  Drone x2  
  43  3:32  Queen  
  43  3:34  Drone  
  46  3:38  Overlord  
  46  3:40  Drone  
  47  3:46  Zergling x6  
  47  3:48  Drone  
  51  3:57  Drone x2  
  51  3:58  Drone x2  
  51  3:59  Drone  
  56  4:07  Drone x2  
  56  4:08  Extractor  
  57  4:10  Lair  
  57  4:12  Drone x2  
  57  4:14  Drone  
  57  4:16  Queen  
  62  4:20  Spore Crawler x2, Drone  
  61  4:25  Overlord  
  61  4:27  Overlord  
  61  4:31  Extractor  
  60  4:35  Baneling Nest  
  59  4:43  Spore Crawler, Queen  
  59  4:45  Drone x6  
  66  4:47  Drone  
  66  4:52  Zergling x4  
  69  4:55  Drone x2  
  69  4:58  Drone  
  72  5:00  Overlord  
  72  5:05  Drone  
  73  5:08  Overseer  
  73  5:12  Overlord  
  73  5:14  Overlord  
  73  5:21  Centrifical Hooks, Baneling x2  
  73  5:22  Baneling  
  73  5:24  Evolution Chamber, Drone x6  
  73  5:26  Evolution Chamber, Drone x2  
  73  5:28  Drone  
  80  5:29  Drone  
  80  5:32  Baneling x2  
  80  5:33  Zergling x4  
  81  5:50  Drone x6  
  81  5:52  Hatchery  
  84  6:09  Zerg Melee Weapons Level 1, Zerg Ground Armor Level 1  
  84  6:11  Drone x6  
  86  6:12  Drone  
  86  6:13  Extractor  
  86  6:14  Extractor  
  86  6:15  Extractor  
  84  6:23  Drone  
  84  6:24  Drone x2  
  87  6:27  Hatchery  
  87  6:31  Overlord  
  86  6:35  Overlord  
  86  6:39  Drone  
  87  6:42  Drone  
  87  6:45  Drone x5  
  93  6:49  Overlord x3  
  93  6:55  Baneling x4  
  93  6:56  Zergling x2  
  93  6:57  Zergling x8  
  98  7:05  Zergling x2  
  98  7:06  Zergling x4  
  98  7:08  Baneling x3  
  101  7:13  Zergling x8  
  101  7:15  Drone  
  106  7:17  Drone x3, Extractor x2  
  106  7:18  Drone x2  
  106  7:19  Drone  
  110  7:26  Zergling x8  
  110  7:27  Drone  
  110  7:29  Drone  
  116  7:34  Hatchery  
  116  7:35  Baneling  
  116  7:36  Overseer, Baneling x3  
  115  7:47  Overlord x2, Burrow  
  115  7:48  Overlord  
  115  8:05  Spire  
  115  8:07  Zerg Melee Weapons Level 2  
  115  8:09  Zergling x40, Infestation Pit  
  133  8:16  Baneling x8  
  133  8:19  Drone x11  
  143  8:32  Zergling x12  
  143  8:33  Zergling x4  
  151  8:37  Zerg Ground Armor Level 2  
  150  8:42  Zergling x12  
  150  8:47  Overlord  
  150  8:59  Overlord  
  150  9:01  Zergling x28, Hive  
  160  9:03  Extractor  
  159  9:11  Zergling x10  
  164  9:20  Zerg Flyer Weapons Level 1  
  164  9:22  Mutalisk x11  
  183  9:26  Extractor  
  183  9:29  Mutalisk x3  
  183  9:30  Mutalisk x2  
  189  9:37  Mutalisk  
  189  9:38  Mutalisk x2  
  195  9:42  Baneling x4  
  191  9:48  Mutalisk x2  
  195  9:57  Baneling x5  
  193  10:07  Zergling x4  
  193  10:08  Baneling x2  
  193  10:13  Baneling x22  
  181  10:19  Zergling x52  
  181  10:20  Zergling x4  
  190  10:25  Zerg Melee Weapons Level 3  
  190  10:26  Ultralisk Cavern  
  169  10:30  Zergling x2  
  169  10:35  Mutalisk x4  
  150  10:38  Zergling x10  
  150  10:42  Zergling x10  
  163  10:45  Adrenal Glands  
  163  10:47  Drone x2  
  163  10:48  Drone  
  161  10:50  Pneumatized Carapace  
  161  10:52  Overseer x2  
  161  10:58  Drone x3  
  161  11:02  Zerg Ground Armor Level 3  
  164  11:18  Chitinous Plating  
  164  11:21  Baneling  
  164  11:22  Baneling x2  
  164  11:23  Hatchery  
  164  11:24  Zergling x22  
  174  11:31  Baneling x14  
  174  11:34  Zergling x2  
  174  11:35  Zergling x6  
  176  11:52  Ultralisk x3  
  194  11:54  Drone x2  
  194  11:58  Extractor  
  194  12:00  Spine Crawler, Spore Crawler  
  189  12:27  Baneling x5  
  183  12:39  Zerg Flyer Weapons Level 2  
  183  12:43  Ultralisk  
  183  12:44  Ultralisk x2  
  174  12:59  Zergling x18, Ultralisk x2  
  176  13:07  Ultralisk, Corruptor x4  
  187  13:14  Zergling x26  
  199  13:21  Pathogen Glands  
  199  13:41  Anabolic Synthesis  
  199  13:42  Extractor  
  199  13:45  Extractor  
  196  13:53  Overseer  
  196  13:57  Infestor x2  
  196  14:21  Spire  
  194  14:24  Infestor  
  195  14:35  Zergling x2  
  195  14:36  Zergling x2  
  196  14:40  Hatchery  
  194  14:51  Overseer x2  
  184  14:56  Overlord  
  179  15:04  Zergling x18  
  165  15:11  Overlord x4  
  161  15:18  Overlord, Infestor x2  
  164  15:28  Baneling x13  
  164  15:34  Greater Spire, Zerg Flyer Weapons Level 3  
  164  15:36  Hatchery  
  164  15:38  Corruptor x4  
  171  15:45  Zergling x54  
  197  15:51  Hatchery  
  196  16:01  Spine Crawler  
  191  16:25  Spine Crawler  
  184  16:51  Corruptor x5  
  176  16:58  Zergling x26  
  176  16:59  Zergling x12  
  181  17:03  Corruptor x2  
  181  17:05  Drone  
  181  17:06  Drone x2  
  181  17:07  Zerg Flyer Armor Level 1  
  185  17:10  Corruptor x2  
  185  17:14  Drone x3  
  192  17:25  Baneling x3  
  192  17:47  Unknown  
  192  17:49  Unknown  
  190  17:55  Brood Lord x4  
  198  18:11  Brood Lord  
  194  18:26  Overseer  
  194  18:33  Brood Lord x3  
  200  18:37  Spore Crawler  
  199  18:45  Spore Crawler  
  198  18:50  Brood Lord  
  198  18:55  Spore Crawler  
  198  18:58  Baneling x5  
  198  19:04  Spore Crawler  
  198  19:05  Unknown, Spine Crawler  
  195  19:11  Brood Lord x2  
  195  19:14  Overseer  
  195  19:15  Zerg Flyer Armor Level 2  
  196  19:18  Extractor  
  191  19:25  Overseer x2  
  186  19:32  Corruptor  
  186  19:33  Corruptor x5  
  185  19:44  Hatchery  
  179  20:09  Zergling x2, Ultralisk x2  
  179  20:10  Zergling x16  
  186  20:31  Infestor x5  
  194  20:46  Corruptor  
  194  20:47  Corruptor  
  198  20:59  Zergling x4  
  198  21:03  Hatchery  
  187  21:12  Corruptor x7  
  187  21:15  Zergling x2  
  179  21:32  Drone x4  
  183  21:44  Unknown  
  175  21:50  Baneling x6  
  175  21:51  Zergling x32  
  190  22:08  Hatchery  
  162  22:38  Zergling x20  
  180  22:45  Drone  
  180  22:46  Spore Crawler  
  180  22:47  Spine Crawler  
  179  22:56  Drone x2  
  179  22:57  Drone  
Show
View Real Time Build Order
Export as new Build Order

Vindicta Terran 

Build Orders: Hellion Opening, Liberator Opening, Reaper Expand 

Get SALT Encoding   

  12  0:00  SCV  
  13  0:12  SCV  
  14  0:17  Supply Depot  
  14  0:24  SCV  
  15  0:38  SCV  
  15  0:40  Barracks  
  16  0:43  Refinery  
  16  0:50  SCV  
  17  1:02  SCV  
  18  1:14  SCV  
  19  1:27  Reaper, Orbital Command  
  20  1:41  Command Center  
  20  1:47  Supply Depot  
  20  1:53  SCV  
  21  1:59  Marine  
  22  2:05  SCV  
  23  2:10  Factory  
  23  2:16  Refinery  
  23  2:17  SCV  
  23  2:20  Barracks Reactor  
  24  2:29  SCV  
  25  2:41  SCV  
  26  2:52  Orbital Command  
  26  2:53  SCV  
  27  3:03  Hellion x2  
  27  3:04  Starport  
  31  3:05  SCV  
  31  3:07  Barracks Tech Lab  
  31  3:12  Supply Depot  
  32  3:18  SCV x2  
  34  3:24  Hellion  
  34  3:26  Hellion  
  38  3:30  SCV  
  38  3:32  SCV  
  40  3:37  Barracks Tech Lab  
  40  3:42  SCV  
  40  3:45  SCV  
  45  3:50  Hellion  
  45  3:52  Hellion  
  49  3:56  SCV  
  49  3:58  Supply Depot  
  50  4:04  Stimpack  
  50  4:05  SCV  
  50  4:09  SCV  
  52  4:12  Liberator  
  51  4:18  SCV  
  51  4:19  Command Center  
  51  4:23  SCV  
  53  4:30  SCV  
  54  4:36  SCV  
  54  4:38  Hellion x2  
  59  4:39  Supply Depot  
  59  4:45  SCV  
  60  4:48  SCV, Barracks  
  60  4:49  Barracks  
  60  4:52  Engineering Bay  
  61  4:53  Engineering Bay  
  61  4:57  SCV  
  61  4:58  Refinery  
  62  5:00  SCV  
  62  5:04  Refinery  
  62  5:05  Starport Reactor  
  63  5:09  SCV  
  63  5:12  SCV  
  63  5:14  Factory Reactor  
  65  5:16  Supply Depot  
  65  5:21  SCV, Terran Infantry Weapons Level 1, Terran Infantry Armor Level 1  
  65  5:24  SCV  
  65  5:26  Marine  
  68  5:32  Orbital Command  
  68  5:33  SCV  
  69  5:36  SCV  
  69  5:38  Barracks  
  69  5:39  Barracks  
  70  5:44  Marine  
  70  5:45  SCV  
  70  5:47  Marine  
  70  5:48  Combat Shield  
  70  5:49  SCV  
  74  5:54  Medivac x2  
  74  5:56  Marine  
  79  5:57  Supply Depot, Marine x2  
  79  5:58  SCV  
  79  6:01  SCV  
  79  6:03  Orbital Command  
  80  6:04  Marine  
  80  6:06  Marine  
  80  6:07  Siege Tank  
  80  6:10  SCV  
  70  6:13  SCV, Missile Turret  
  70  6:14  Missile Turret  
  70  6:15  Marine  
  70  6:17  Marine  
  73  6:21  Missile Turret  
  73  6:22  SCV, Marine  
  73  6:25  SCV  
  76  6:29  Barracks Reactor  
  77  6:34  SCV  
  77  6:35  Bunker  
  77  6:37  Barracks Reactor, Missile Turret, Marine  
  79  6:41  Siege Tank  
  79  6:43  SCV  
  79  6:46  Marine  
  84  6:48  Supply Depot, Marine x2  
  84  6:49  SCV  
  84  6:52  Marine  
  88  6:54  Marine  
  88  6:58  SCV  
  88  7:01  Armory, Refinery  
  89  7:04  Medivac x2, Marine  
  89  7:05  Marine  
  89  7:06  Marine x3  
  98  7:10  Marine  
  98  7:12  SCV x2, Marine  
  98  7:13  Factory  
  98  7:14  Marine  
  103  7:21  SCV  
  103  7:22  Marine  
  106  7:23  Marine  
  106  7:24  Supply Depot, Marine  
  106  7:27  Supply Depot  
  109  7:33  Command Center  
  109  7:34  SCV  
  108  7:37  Marine  
  108  7:40  Marine  
  109  7:45  Marine x2  
  109  7:46  Supply Depot  
  109  7:47  Drilling Claws  
  109  7:48  Terran Infantry Armor Level 2, Terran Infantry Weapons Level 2  
  114  7:51  Supply Depot  
  114  7:54  Marine  
  114  7:58  Factory Reactor  
  115  8:00  Marine x3  
  115  8:01  Marine x3  
  115  8:03  Marine  
  120  8:08  Thor  
  120  8:10  Medivac  
  120  8:12  Marine  
  129  8:16  Terran Vehicle And Ship Armor Level 1  
  129  8:17  Supply Depot  
  129  8:18  Supply Depot  
  128  8:20  SCV  
  128  8:22  Marine, Barracks x2  
  128  8:24  Barracks  
  130  8:29  Marine x2  
  130  8:30  Marine x2  
  130  8:31  Marine x2  
  130  8:32  Marine  
  136  8:35  Marine  
  136  8:36  Sensor Tower  
  136  8:39  Widow Mine x2  
  141  8:42  Marine  
  141  8:47  Marine x2  
  141  8:48  Marine  
  145  8:51  Marine  
  145  8:55  Marine x2  
  137  8:58  Marine  
  137  8:59  Widow Mine  
  137  9:00  Widow Mine  
  137  9:01  Marine  
  144  9:05  Marine x2  
  144  9:06  Marine  
  144  9:08  Widow Mine  
  144  9:09  Marine  
  148  9:10  Marine x3  
  148  9:13  Marine  
  148  9:14  Marine  
  148  9:15  Supply Depot, Marine  
  154  9:17  Medivac  
  154  9:18  Supply Depot  
  154  9:19  Missile Turret, Marine  
  154  9:20  Widow Mine  
  154  9:22  Widow Mine  
  154  9:24  Marine x3  
  163  9:27  Marine  
  163  9:28  Medivac  
  163  9:29  Widow Mine  
  168  9:35  Marine  
  168  9:36  Marine  
  168  9:37  Marine x2  
  172  9:42  Widow Mine  
  172  9:43  Planetary Fortress  
  172  9:46  Marine x2  
  172  9:47  Marine x2  
  172  9:52  Widow Mine  
  180  9:56  Marine x2  
  180  9:57  Marauder, Barracks Tech Lab  
  181  10:03  Supply Depot  
  181  10:05  Barracks Tech Lab  
  181  10:07  Marine x2  
  173  10:10  Widow Mine, Barracks Tech Lab  
  172  10:14  Marine  
  172  10:15  Marine  
  172  10:16  Marine x2, Widow Mine  
  172  10:18  Marauder  
  172  10:19  Marine x3  
  173  10:24  Marauder, Marine x2  
  168  10:31  Marine, Widow Mine  
  168  10:32  Marine x2  
  168  10:34  Marine x2  
  150  10:37  Marine x2  
  150  10:39  Marauder, Widow Mine  
  150  10:42  SCV, Marine x2  
  145  10:43  Terran Infantry Weapons Level 3, Missile Turret x2  
  145  10:45  Marauder  
  148  10:53  Marine x4  
  148  10:54  Missile Turret  
  148  10:55  Terran Infantry Armor Level 3  
  149  10:57  SCV  
  149  10:59  Thor  
  149  11:00  Marine  
  149  11:02  Widow Mine  
  155  11:04  SCV  
  155  11:06  Marine  
  155  11:10  Marine  
  164  11:13  SCV x2  
  164  11:16  SCV  
  161  11:20  Marine  
  161  11:21  Marine  
  161  11:22  Command Center, Marine  
  161  11:25  Widow Mine, Marine  
  166  11:26  Liberator  
  166  11:27  Liberator  
  165  11:34  Marine x3  
  165  11:35  Marine x3  
  165  11:37  Marine x2  
  165  11:38  Marine x2  
  175  11:41  Marine  
  176  11:48  Marine  
  176  11:51  Refinery, Widow Mine, Marine  
  176  11:52  Marine, Thor  
  176  11:53  Marauder, Marine  
  176  11:54  Marauder  
  190  11:55  Marine  
  190  12:01  Marauder x2, Marine  
  196  12:05  Refinery, Marine  
  196  12:06  Supply Depot, Marine  
  194  12:09  Marine x2  
  194  12:13  Marine x2  
  195  12:16  Marauder  
  195  12:26  Marine x2  
  195  12:27  Marauder  
  195  12:28  Supply Depot, Marauder  
  200  12:33  Medivac x2, Widow Mine  
  200  12:36  Widow Mine  
  199  12:37  Marine, Terran Vehicle And Ship Armor Level 2  
  199  12:43  Marine  
  197  12:47  Widow Mine  
  197  12:49  Marine  
  200  12:55  Widow Mine  
  200  12:57  Widow Mine  
  200  12:58  Marine  
  186  13:01  Marine x3  
  186  13:02  Marauder x3  
  186  13:03  Marine  
  170  13:06  Marine  
  170  13:07  Thor  
  177  13:14  SCV  
  177  13:16  Widow Mine  
  177  13:18  Marine  
  185  13:20  Neosteel Armor  
  185  13:24  Planetary Fortress  
  185  13:26  Missile Turret  
  183  13:29  SCV x2  
  183  13:30  SCV, Missile Turret  
  183  13:31  Missile Turret, Marine  
  183  13:32  Hi-Sec Auto Tracking  
  183  13:34  Marine  
  187  13:35  Marine  
  187  13:40  Liberator x2  
  191  13:43  Marauder  
  191  13:44  Widow Mine  
  191  13:45  Marauder, Ghost Academy  
  193  13:49  Widow Mine  
  193  13:50  Marine  
  193  13:54  Marine x2  
  200  13:55  Missile Turret  
  200  14:02  Sensor Tower  
  198  14:04  Marauder  
  198  14:09  Marine  
  198  14:12  Marauder, Marine  
  198  14:16  Marine  
  195  14:19  Marauder x2  
  195  14:20  Personal Cloaking  
  195  14:22  Barracks  
  198  14:24  Ghost, Starport  
  198  14:25  Factory  
  198  14:27  Command Center  
  196  14:33  Ghost  
  198  14:41  Marauder  
  198  14:44  Marine  
  198  14:47  Widow Mine  
  198  14:51  Marine  
  198  14:52  Marauder  
  185  14:53  Marine  
  185  14:54  Marine x2  
  185  14:55  Medivac x2, Widow Mine x2  
  172  15:00  Ghost  
  172  15:02  Ghost  
  172  15:06  Starport Reactor  
  174  15:09  SCV x4  
  174  15:10  SCV  
  174  15:11  Barracks Tech Lab  
  175  15:21  SCV x4, Ghost  
  175  15:24  SCV  
  180  15:33  Factory Reactor  
  180  15:42  Orbital Command  
  182  15:43  Command Center  
  182  15:47  Widow Mine  
  182  15:52  Command Center  
  182  15:57  Medivac  
  184  16:06  Nuke  
  184  16:08  Ghost Academy x2  
  184  16:11  Refinery  
  170  16:23  Liberator  
  170  16:25  Marine  
  174  16:26  Marauder  
  174  16:33  Marine x2, Widow Mine x2  
  174  16:34  Marauder, Marine  
  174  16:37  Command Center  
  183  16:42  Command Center, Widow Mine  
  178  16:53  Marine  
  163  16:56  Ghost, Orbital Command  
  163  17:00  Marine x2  
  163  17:01  Marauder x3, Marine  
  158  17:02  Marine  
  158  17:03  Widow Mine  
  159  17:12  Marine, Widow Mine  
  159  17:13  Widow Mine, Marine x2  
  159  17:14  Marine  
  167  17:17  Refinery x2  
  167  17:18  Marine x3  
  167  17:19  Widow Mine  
  167  17:20  Marine  
  167  17:22  Marauder x2  
  175  17:23  Marauder  
  175  17:24  Marine  
  176  17:30  Marine  
  176  17:34  Nuke  
  176  17:35  Nuke  
  177  17:40  Widow Mine x2  
  181  17:46  Unknown  
  181  17:47  Missile Turret  
  181  17:49  Ghost  
  180  17:53  Ghost  
  180  17:56  Orbital Command  
  182  18:00  Orbital Command  
  182  18:02  Liberator  
  185  18:07  Concussive Shells, Missile Turret  
  184  18:14  Bunker  
  184  18:15  Bunker  
  184  18:16  Nuke  
  184  18:18  Planetary Fortress  
  184  18:22  Ghost  
  186  18:34  Ghost  
  186  18:35  Nuke  
  188  18:42  Ghost  
  188  18:55  Viking  
  192  18:57  Viking  
  192  18:58  Unknown, Marine x3  
  192  19:00  Marine  
  200  19:11  Viking  
  200  19:15  Terran Ship Weapons Level 1  
  200  19:16  Viking  
  198  19:25  Viking, Fusion Core  
  198  19:30  Ghost, Widow Mine  
  196  19:36  Ghost x3  
  187  19:39  Marine  
  188  19:46  Marine x2  
  190  19:54  Viking  
  190  19:59  Ghost  
  188  20:03  Viking  
  188  20:04  Ghost  
  188  20:05  Marauder  
  188  20:06  Viking, Marauder  
  193  20:11  Viking  
  194  20:14  Marine x2  
  193  20:24  Viking  
  193  20:26  Ghost  
  193  20:27  Ghost  
  198  20:33  Ghost  
  200  20:37  Unknown  
  200  20:39  Missile Turret  
  200  20:40  Missile Turret, Marine  
  200  20:41  Missile Turret  
  199  20:47  Ghost  
  199  20:49  Viking  
  197  20:50  Viking  
  197  20:54  Ghost  
  187  20:57  Ghost  
  187  21:00  Viking, Marine  
  187  21:01  Ghost  
  193  21:07  Viking, Marine x2  
  193  21:08  Marine x2  
  193  21:09  Marine x2  
  193  21:11  Marine  
  155  21:16  Marauder  
  127  21:18  Marine  
  127  21:19  Viking  
  127  21:22  Viking  
  127  21:24  Marauder  
  127  21:25  Marine x2  
  130  21:26  Marauder, Marine x2  
  130  21:27  Marine x2  
  130  21:29  Marine  
  130  21:30  Marauder  
  138  21:33  SCV  
  138  21:36  Ghost, Marine  
  138  21:39  Nuke x2  
  142  21:42  Viking x2  
  142  21:43  Marine x3  
  142  21:44  Marine  
  142  21:45  Marauder, Marine x2  
  142  21:46  Marine  
  152  21:48  Marauder  
  152  21:51  Marine  
  152  21:54  Marine  
  153  21:56  Medivac  
  153  22:01  Marine x4  
  154  22:04  Liberator  
  154  22:08  Marine x2  
  154  22:09  Ghost  
  154  22:10  Marine x2  
  154  22:11  Orbital Command  
  154  22:12  Marine  
  158  22:18  Marine  
  158  22:19  Marine  
  160  22:22  Orbital Command  
  160  22:26  Marauder, Marine  
  148  22:35  Ghost  
  139  22:38  Ghost  
  139  22:39  Marine  
  139  22:41  Marine  
  139  22:44  Marine x2  
  139  22:47  Marine  
  139  22:51  Marine x2  
Tags
 
Add a new tag
Caveats
  • Supply blocks, unpowered buildings, or Contaminate may cause inaccurate times.
  • Supply counts are checked every 10 seconds.